 Dungeon Crawl Stone Soup version 0.23-a0-32-g1388f29 (webtiles) character file.

580 Amnesiac the Magician (level 7, -5/46 HPs)
             Began as a Mummy Ice Elementalist on Aug 4, 2018.
             Slain by a gnoll
             ... wielding a +0 halberd
              (10 damage)
             ... on level 5 of the Dungeon.
             The game lasted 00:05:13 (3976 turns).

Amnesiac the Magician (Mummy Ice Elementalist)      Turns: 3976, Time: 00:05:14

Health: -5/46      AC:  2    Str: 11    XL:     7   Next: 13%
Magic:  0/15       EV: 12    Int: 17    God:
Gold:   158        SH:  0    Dex: 12    Spells: 5/17 levels left

rFire    x . .     SeeInvis .   a - +0 quarterstaff
rCold    + . .     Gourm    .   (shield currently unavailable)
rNeg     + + +     Faith    .   j - +0 robe
rPois    ∞         Spirit   +   (no helmet)
rElec    .         Reflect  .   c - scarf {repulsion}
rCorr    .         Harm     .   (no gloves)
MR       .....                  (no boots)
Stlth    ++........             b - amulet of guardian spirit
HPRegen  0.15/turn              (no ring)
MPRegen  0.14/turn              (no ring)

@: repel missiles
A: no food or potions, fire vulnerability, cold resistance 1, negative energy
resistance 3, torment resistance, unbreathing
a: no special abilities


You were on level 5 of the Dungeon.
You were not hungry.

You visited 1 branch of the dungeon, and saw 6 of its levels.

You collected 158 gold pieces.

Inventory:

Hand Weapons
 a - a +0 quarterstaff (weapon)
Armour
 c - a scarf of repulsion (worn)
 j - a +0 robe (worn)
Jewellery
 b - an amulet of guardian spirit (around neck)
Scrolls
 e - 4 scrolls of remove curse {!r, unknown}
 f - a scroll of magic mapping {!r, unknown}
 g - 3 scrolls of identify {!r, unknown}
 h - 2 scrolls of blinking {!r, unknown}
 i - a scroll of fear {!r, unknown}


   Skills:
 - Level 1.5 Dodging
 - Level 1.5 Stealth
 + Level 5.8 Spellcasting
 - Level 0.7 Conjurations
 * Level 5.8 Ice Magic


You had 5 spell levels left.
You knew the following spells:

 Your Spells              Type           Power        Failure   Level  Hunger
a - Freeze                Ice            ###.         1%          1    N/A
b - Summon Ice Beast      Ice/Summ       ##......     36%         4    N/A
d - Throw Icicle          Conj/Ice       ###.....     34%         4    N/A
z - Ozocubu's Armour      Chrm/Ice       ##......     12%         3    N/A

Your spell library contained the following spells:

 Spells                   Type           Power        Failure   Level  Hunger
 Throw Frost              Conj/Ice       ###...       5%          2    N/A

Dungeon Overview and Level Annotations

Branches:
Dungeon (6/15)
 Temple: D:4-7

Altars:
Ru


Innate Abilities, Weirdness & Mutations

You do not eat or drink.
Your flesh is vulnerable to fire.
You are immune to poison.
Your flesh is cold resistant. (rC+)
You are immune to negative energy. (rN+++)
You are immune to unholy pain and torment.
You can survive without breathing.


Message History

Aim: a gnoll, wielding a spear and wearing a moonstone ring (heavily wounded)
You freeze the gnoll.
The gnoll is almost dead.
The gnoll hits you with a spear.
Casting: Freeze (safe; 1% risk of failure)
Confirm with . or Enter, or press ? or * to list all spells.
Aiming: Freeze (safe; 1% risk of failure)
Press: ? - help, Shift-Dir - straight line, f/p - gnoll
Aim: a gnoll, wielding a spear and wearing a moonstone ring (almost dead)
You freeze the gnoll.
You kill the gnoll!
The gnoll misses you. x2
Casting: Freeze (safe; 1% risk of failure)
Confirm with . or Enter, or press ? or * to list all spells.
Aiming: Freeze (safe; 1% risk of failure)
Press: ? - help, Shift-Dir - straight line, f - gnoll
Aim: a gnoll You freeze the gnoll.
The gnoll is moderately wounded.
The gnoll hits you!
* * * LOW HITPOINT WARNING * * *
The gnoll closely misses you.
Casting: Freeze (safe; 1% risk of failure)
Confirm with . or Enter, or press ? or * to list all spells.
Aiming: Freeze (safe; 1% risk of failure)
Press: ? - help, Shift-Dir - straight line, f/p - gnoll
Aim: a gnoll (lightly wounded)
You freeze the gnoll.
The gnoll is heavily wounded.
The gnoll hits you.
* * * LOW HITPOINT WARNING * * *
Casting: Freeze (safe; 1% risk of failure)
Confirm with . or Enter, or press ? or * to list all spells.
Aiming: Freeze (safe; 1% risk of failure)
Press: ? - help, Shift-Dir - straight line, f/p - gnoll
Aim: a gnoll (heavily wounded)
You freeze the gnoll.
You kill the gnoll!
The gnoll hits you from afar with a halberd!
* * * LOW HITPOINT WARNING * * *
Casting: Freeze (safe; 1% risk of failure)
Confirm with . or Enter, or press ? or * to list all spells.
You can't see any susceptible monsters within range! (Use Z to cast anyway.)
The gnoll hits you with a halberd!
* * * LOW HITPOINT WARNING * * *
You see here a gnoll corpse.
Casting: Freeze (safe; 1% risk of failure)
Confirm with . or Enter, or press ? or * to list all spells.
Aiming: Freeze (safe; 1% risk of failure)
Press: ? - help, Shift-Dir - straight line, f - gnoll
Aim: a gnoll, wielding a halberd You freeze the gnoll.
The gnoll is heavily wounded.
The gnoll hits you with a halberd.
* * * LOW HITPOINT WARNING * * *
Casting: Freeze (safe; 1% risk of failure)
Confirm with . or Enter, or press ? or * to list all spells.
Aiming: Freeze (safe; 1% risk of failure)
Press: ? - help, Shift-Dir - straight line, f/p - gnoll
Aim: a gnoll, wielding a halberd (heavily wounded)
You freeze the gnoll.
The gnoll is severely wounded.
The gnoll hits you with a halberd!
You die...

###### ## #...#
.#...##.## ##...#
.#.......# #....#
.#.......# #....#
.#...... ....#
.#....###########...#
.#...)#.....#..##.).#
.#....#.....'..g@..(###
.'....#.....#.........##
.#....'.....#..###.(#..#
.#....#.....#..#.....#.#
.######.....#..#.###.#
.# ########... ... ##
###. ##... .# #. ...# .#
## #.#


You could see a gnoll.

Vanquished Creatures
  An ice beast (D:6)
  A scorpion (D:4)
  A bullfrog skeleton (D:5)
  An orc priest (D:3)
  A hound (D:3)
  2 orc wizards
  A worker ant (D:4)
  7 gnolls
  2 adders (D:5)
  A dart slug (D:5)
  12 orcs
  2 ball pythons
  2 giant cockroaches
  A goblin (D:1)
  3 hobgoblins
  3 jackals (D:5)
  A quokka (D:3)
  2 bats
  2 frilled lizards
  A giant cockroach zombie (D:5)
  2 kobolds (D:1)
  2 rats
51 creatures vanquished.

Vanquished Creatures (collateral kills)
  A hungry ghost (D:5)
  An ogre (D:5)
  A water moccasin zombie (D:5)
3 creatures vanquished.

Grand Total: 54 creatures vanquished

Notes
Turn   | Place    | Note
-------+----------+-------------------------------------------
     0 | D:1      | Amnesiac the Mummy Ice Elementalist began the quest for the Orb.
     0 | D:1      | Reached XP level 1. HP: 13/13 MP: 4/4
   454 | D:2      | Reached XP level 2. HP: 16/19 MP: 2/5
   805 | D:3      | Reached XP level 3. HP: 8/24 MP: 0/7
   810 | D:3      | Learned a level 3 spell: Ozocubu's Armour
  1059 | D:3      | Reached XP level 4. HP: 18/30 MP: 0/9
  1344 | D:3      | Learned a level 4 spell: Summon Ice Beast
  1472 | D:5      | Entered Level 5 of the Dungeon
  1487 | D:5      | Reached XP level 5. HP: 17/35 MP: 5/11
  1493 | D:5      | Learned a level 4 spell: Throw Icicle
  2117 | D:3      | Reached XP level 6. HP: 10/41 MP: 0/13
  2361 | D:4      | Found a sacrificial altar of Ru.
  2969 | D:5      | Reached skill level 5 in Ice Magic
  3061 | D:5      | Noticed an ice beast
  3375 | D:6      | Killed an ice beast
  3375 | D:6      | Reached skill level 5 in Spellcasting
  3670 | D:5      | Noticed a hungry ghost
  3685 | D:5      | Killed a hungry ghost
  3685 | D:5      | Reached XP level 7. HP: 25/46 MP: 1/15
  3976 | D:5      | Slain by a gnoll

Vault maps used:
D:1:      saegor_arrival_miasma, minmay_quantized
D:2:      first_ration, minmay_joined_circles
D:3:      kennysheep_generic_room_14
D:4:      nicolae_ru_the_path_less_chosen
D:5:      minmay_diamond_boxcup, temple_fountains, serial_shops,
          nicolae_shop_stone, minmay_misc_feat_rows,
          hangedman_abyss_or_decor_stabs, kennysheep_generic_room_3
D:6:      gammafunk_temple_overflow_arena, basic_altar, uniq_duvessa

Skill      XL: |  1  2  3  4  5  6 |
---------------+-------------------+-----
Ice Magic      | 3 4 5 |  5.8
Spellcasting   | 3 4 5 |  5.8
Dodging        | |  1.5
Stealth        | |  1.5
Conjurations   | |  0.7

Action                   |  1- 3 |  4- 6 |  7- 9 || total
-------------------------+-------+-------+-------++-------
Melee: Unarmed           |    11 |       |       ||    11
       Short sword       |     2 |    21 |       ||    23
       Quarterstaff      |       |    23 |     9 ||    32
 Cast: Freeze            |    38 |    70 |     8 ||   116
       Ozocubu's Armour  |       |     1 |       ||     1
       Summon Ice Beast  |       |     7 |     1 ||     8
Armor: Robe              |     9 |    26 |     3 ||    38
Dodge: Dodged            |    34 |    67 |    11 ||   112
       Deflected         |       |       |     2 ||     2

Table legend:
 A = Spawn XP
 B = Non-spawn XP
 C = Spawn XP percentage of total XP
 D = Spawn monster count
 E = Non-spawn monster count
 F = Spawn count percentage of total count
 G = Total turns spent on level
                    A         B        C        D         E        F      G
               +---------+---------+-------+---------+---------+-------+---------
         Total |       0 |     829 |   0.0 |       0 |      54 |   0.0 |  3976
               +---------+---------+-------+---------+---------+-------+---------
           D:1 |       0 |      11 |   0.0 |       0 |       7 |   0.0 |   443
           D:2 |       0 |       6 |   0.0 |       0 |       4 |   0.0 |    84
           D:3 |       0 |     185 |   0.0 |       0 |      13 |   0.0 |  1163
           D:4 |       0 |     164 |   0.0 |       0 |      11 |   0.0 |  1032
           D:5 |       0 |     369 |   0.0 |       0 |      18 |   0.0 |   873
           D:6 |       0 |      94 |   0.0 |       0 |       1 |   0.0 |   381
               +---------+---------+-------+---------+---------+-------+---------
